 Dungeon Crawl Stone Soup version 0.30-a0-170-g85af917532 (webtiles) character file.

Game seed: 7721040046036651493

338 qw the Chopper (level 6, -3/38 HPs)
             Began as a Gargoyle Fighter on Sept 30, 2022.
             Shot with an arrow by a centaur (12 damage)
             ... on level 5 of the Dungeon.
             The game lasted 00:01:18 (3398 turns).

qw the Chopper (Gargoyle Fighter)                   Turns: 3398, Time: 00:01:19

Health: -3/38      AC: 17    Str: 21    XL:     6   Next: 55%
Magic:  6/6        EV:  6    Int:  9    God:
Gold:   120        SH:  4    Dex:  9    Spells: 5/5 levels left

rFire   + . .      SeeInvis .    Y - +0 war axe
rCold   + . .      Faith    .    c - +0 buckler
rNeg    + . .      Spirit   .    e - +0 plate armour
rPois   inf        Reflect  .    (no helmet)
rElec   +          Harm     .    h - scarf {rC+ rF+}
rCorr   .          Rampage  .    (no gloves)
Will    .....                    n - +0 pair of boots
Stlth   ..........               (no amulet)
HPRegen 0.12/turn                (no ring)
MPRegen 0.10/turn                (no ring)

@: no status effects
A: sickness immunity, AC +4, negative energy resistance 1, electricity
resistance, torment resistance 1, petrification resistance
a: no special abilities


You were on level 5 of the Dungeon.
You visited 1 branch of the dungeon, and saw 5 of its levels.

You collected 120 gold pieces.


Innate Abilities, Weirdness & Mutations

You are immune to sickness and miasma.
Your stone body is resilient. (AC +4)
You are immune to poison.
You resist negative energy. (rN+)
You are resistant to electric shocks. (rElec)
You are resistant to unholy torment.
You are immune to petrification.


   Skills:
 - Level 4.2 Fighting
 + Level 5.5 Axes
 - Level 3.2 Armour
 - Level 1.0 Dodging
 - Level 3.2 Shields


You had 5 spell levels left.
You didn't know any spells.
Your spell library was empty.

Inventory:

Hand Weapons
 q - a +0 flail
 Y - a +0 war axe (weapon)
Armour
 c - a +0 buckler (worn)
 e - a +0 plate armour (worn)
 h - a scarf of resistance (worn)
 k - a +0 cloak
 n - a +0 pair of boots (worn)
Scrolls
 t - a scroll of identify
Potions
 a - a potion of haste
 d - a potion of might
 f - a potion of ambrosia {unknown}
 i - a potion of curing
 j - a potion of lignification {unknown}
 m - a potion of heal wounds {unknown}
 o - a potion of degeneration {unknown}
 p - a potion of invisibility {unknown}
 s - a potion of cancellation {unknown}

Dungeon Overview and Level Annotations

Branches:
Dungeon (5/15)
 Temple: D:4-7

Altars:
Dithmenos
Gozag


Message History

(1) D:4 (2) D:3 Assign waypoint to what number? (0-9, D - delete waypoint) Waypoint 2 re-assigned from D:3 to D:5.
Enter note:
3392 ||| PLANNING SEWER The centaur wields a +0 shortbow.
The centaur shoots an arrow.
You block the arrow. The adder bites you but does no damage.
You hear a bark! x2
You hit the adder.
The adder is heavily wounded.
The centaur shoots an arrow.
The arrow hits you! The adder bites you but does no damage.
You block the adder's attack.
You slash the adder!
You kill the adder!
You slash the ogre!
The centaur shoots an arrow.
The arrow hits you. The ogre barely misses you.
You hear a bark!
You barely miss the ogre.
The ogre is moderately wounded.
The ogre hits you with a +0 giant club!
You barely miss the ogre.
The ogre is moderately wounded.
You slash the jackal!
You kill the jackal!
The centaur shoots an arrow.
You block the arrow.
The centaur shoots an arrow.
The arrow hits you.
A jackal comes into view.
You block the ogre's attack.
You hear a shout!
You hear a bark!
You barely miss the ogre.
The ogre is moderately wounded.
The jackal barks!
The centaur shoots an arrow.
The arrow hits you but does no damage.
The centaur shoots an arrow.
The arrow hits you but does no damage.
An ufetubus comes into view.
The ufetubus shouts!
You hear a bark!
You slash the ogre!
The ogre is almost dead.
The centaur shoots an arrow.
The arrow hits you!
You die...

..# #..## ####
#....####...##
#.....#.......
#.............
..#.............
................
#....@O.......
#....%<.......
#...c.........
#.............
#......#......
#....h.##.....
#......# .....
.....5.## #.##
....... ##


You could see an ogre, a centaur, an ufetubus and a jackal.

Vanquished Creatures
  A bullfrog (D:4)
  An orc priest (D:4)
  An iguana (D:4)
  3 orc wizards (D:4)
  6 adders
  3 worms
  2 dart slugs
  5 orcs
  6 bats
  7 endoplasms
  3 giant cockroaches
  7 goblins
  7 hobgoblins
  A jackal (D:5)
  2 quokkas
  3 ball pythons
  2 frilled lizards
  9 kobolds
  8 rats
77 creatures vanquished.

Notes
Turn   | Place    | Note
-------+----------+-------------------------------------------
     0 | D:1      | qw the Gargoyle Fighter began the quest for the Orb.
     0 | D:1      | Reached XP level 1. HP: 14/14 MP: 1/1
     0 | D:1      | 0 ||| qw: Version: 0.2-a-12-gaebbb33
     0 | D:1      | 0 ||| qw: Game counter: 1567
     0 | D:1      | 0 ||| qw: Always use a shield: true
     0 | D:1      | 0 ||| qw: God list: Okawaru
     0 | D:1      | 0 ||| qw: Allow faded altars: false
     0 | D:1      | 0 ||| qw: Do Orc after D:15 true
     0 | D:1      | 0 ||| qw: Do second Lair branch before Depths: true
     0 | D:1      | 0 ||| qw: Lair rune preference: random
     0 | D:1      | 0 ||| qw: Plans: Normal, Zot:1-4, God:TSO, Crypt, Tomb,
                  | Pan, Slime:5, Hells, Abyss, Orb
     0 | D:1      | 0 ||| PLANNING D:1-11
    77 | D:1      | Reached skill level 2 in Axes
   157 | D:1      | 157 ||| Stepping ~*~*~tactically~*~*~ (stealth).
   162 | D:1      | Reached XP level 2. HP: 18/19 MP: 2/2
   425 | D:1      | Reached skill level 3 in Axes
   475 | D:1      | Reached XP level 3. HP: 23/23 MP: 3/3
   540 | D:1      | Found a faded altar of an unknown god.
   680 | D:1      | 680 ||| UPGRADING to scarf of resistance.
   685 | D:1      | 685 ||| READING scroll labelled WIEN MOAQAUG.
   686 | D:1      | 686 ||| READING scroll labelled CEW CAHONNAIZO.
   687 | D:1      | 687 ||| READING scroll labelled USOYCAG XERCHEQAMY.
   688 | D:1      | 688 ||| READING scroll labelled FUSUVE XUFANIA.
   731 | D:2      | 731 ||| Stepping ~*~*~tactically~*~*~ (stealth).
   741 | D:2      | 741 ||| Stepping ~*~*~tactically~*~*~ (stealth).
   956 | D:2      | 956 ||| Stepping ~*~*~tactically~*~*~ (stealth).
   958 | D:2      | 958 ||| Stepping ~*~*~tactically~*~*~ (stealth).
  1383 | D:2      | 1383 ||| Stepping ~*~*~tactically~*~*~ (stealth).
  1391 | D:2      | Reached XP level 4. HP: 28/28 MP: 4/4
  1473 | D:2      | 1473 ||| READING scroll labelled USHEIX QEXA.
  1474 | D:2      | 1474 ||| DRINKING 2 bubbling clear potions.
  1475 | D:2      | 1475 ||| DRINKING 3 metallic orange potions.
  1539 | D:3      | 1539 ||| Stepping ~*~*~tactically~*~*~ (stealth).
  1542 | D:3      | 1542 ||| Stepping ~*~*~tactically~*~*~ (stealth).
  1543 | D:3      | 1543 ||| Stepping ~*~*~tactically~*~*~ (stealth).
  1569 | D:3      | Found an opulent altar of Gozag.
  1621 | D:3      | Found a shadowy altar of Dithmenos.
  1670 | D:3      | Reached skill level 4 in Axes
  2304 | D:3      | 2304 ||| UPGRADING to +0 pair of boots.
  2309 | D:3      | 2309 ||| READING scroll labelled BYUKHL FOCE.
  2310 | D:3      | 2310 ||| READING scroll labelled GEAPECR SYABA.
  2450 | D:4      | Noticed a bullfrog
  2461 | D:4      | Killed a bullfrog
  2462 | D:4      | Reached skill level 5 in Axes
  2462 | D:4      | Reached XP level 5. HP: 21/32 MP: 5/5
  2638 | D:4      | 2638 ||| Stepping ~*~*~tactically~*~*~ (hiding).
  2665 | D:4      | 2665 ||| DRINKING 2 potions of curing.
  2665 | D:4      | 2665 ||| (to cure confusion)
  2667 | D:4      | Reached XP level 6. HP: 36/38 MP: 6/6
  2685 | D:4      | 2685 ||| DROPPING +0 whip.
  2688 | D:4      | 2688 ||| Stepping ~*~*~tactically~*~*~ (stealth).
  2801 | D:4      | 2801 ||| Stepping ~*~*~tactically~*~*~ (hiding).
  2803 | D:4      | 2803 ||| Stepping ~*~*~tactically~*~*~ (stealth).
  2813 | D:4      | Reached skill level 1 in Dodging
  2815 | D:4      | 2815 ||| DRINKING 2 potions of curing.
  2815 | D:4      | 2815 ||| (to cure confusion)
  3344 | D:4      | 3344 ||| UPGRADING to +0 plate armour.
  3354 | D:4      | 3354 ||| DROPPING +0 scale mail.
  3355 | D:4      | 3355 ||| DROPPING +0 chain mail.
  3356 | D:4      | 3356 ||| DROPPING +6 ring of intelligence.
  3357 | D:4      | 3357 ||| READING scroll labelled YTHROJEATZAYNE.
  3391 | D:5      | Entered Level 5 of the Dungeon
  3392 | D:5      | 3392 ||| PLANNING SEWER
  3396 | D:5      | HP: 9/38 [centaur/arrow (5)]
  3398 | D:5      | Shot with an arrow by a centaur

Levels and vault maps discovered:
D:1:      tarquinn_simple_flora_water_c, layout_rooms,
          ebering_ecumenical_altar_ruins, kennysheep_nondescript
D:2:      layout_loops_ring, chequers_serial_rivers_small_b
D:3:      layout_loops_ring, mainiacjoe_overflow_catwalk, old_standard_altar
D:4:      layout_loops_ring
D:5:      layout_cave_pods, grunt_temple_overflow_order_and_chaos_2,
          minmay_temple_entry_trees, portal_sewer_entry_a

Skill      XL: |  1  2  3  4  5  6 |
---------------+-------------------+-----
Axes           | 2 3 5 |  5.5
Fighting       | 4 |  4.2
Dodging        | 1 |  1.0
Armour         | |  3.2
Shields        | |  3.2

Action                   |  1- 3 |  4- 6 || total
-------------------------+-------+-------++-------
Melee: War axe           |    79 |   146 ||   225
  Use: Scroll            |     4 |     4 ||     8
       Potion            |       |     4 ||     4
Armor: Scale mail        |    24 |    71 ||    95
       Plate armour      |       |     4 ||     4
Dodge: Dodged            |    22 |    49 ||    71
Block: Buckler           |    15 |    24 ||    39

Table legend:
 A = Non-vault XP
 B = Vault XP
 C = Vault XP percentage of total XP
 D = Non-vault monster count
 E = Vault monster count
 F = Vault count percentage of total count
                 A         B        C        D         E       F
            +---------+---------+-------+---------+---------+-------
      Total |     483 |       0 |   0.0 |      77 |       0 |   0.0
            +---------+---------+-------+---------+---------+-------
        D:1 |      35 |       0 |   0.0 |      22 |       0 |   0.0
        D:2 |      48 |       0 |   0.0 |      17 |       0 |   0.0
        D:3 |      52 |       0 |   0.0 |      14 |       0 |   0.0
        D:4 |     332 |       0 |   0.0 |      22 |       0 |   0.0
        D:5 |      16 |       0 |   0.0 |       2 |       0 |   0.0
            +---------+---------+-------+---------+---------+-------
